 Dungeon Crawl Stone Soup version bcrawl-1.12-10-g10a67aac0f (webtiles) character file.

Game seed: 13994895127458556523

220 Morbidden the Ducker (level 5, -3/67 HPs)
             Began as a Minotaur Archaeologist on June 12, 2019.
             Slain by a water moccasin (5 damage)
             ... on level 3 of the Dungeon.
             The game lasted 00:06:52 (2637 turns).

Morbidden the Ducker (Minotaur Archaeologist)       Turns: 2637, Time: 00:06:52

Health: -3/67      AC: 22    Str: 15 (17) XL:     5   Next: 64%
Magic:  4/4        EV:  2    Int:  8 (11) God:
Gold:   115        SH:  0    Dex: 11 (13) Spells: 4/4 levels left

rFire    . . .     SeeInvis .   s - +3 flail
rCold    + . .     Gourm    .   (no shield)
rNeg     + + +     Faith    .   (armour currently unavailable)
rPois    +         Spirit   .   (helmet currently unavailable)
rElec    .         Reflect  .   (cloak currently unavailable)
rCorr    .         Harm     .   (gloves currently unavailable)
MR       .....     NoTele   +   (boots currently unavailable)
Stlth    +++.......             (no amulet)
HPRegen  0.21/turn              a - ring of protection from cold
MPRegen  0.09/turn              (no ring)

@: agile, tree-form, studying Axes
A: (retaliatory headbutt), deterioration 1
a: no special abilities


You were on level 3 of the Dungeon.
You were not hungry.
You were a tree.
You visited 1 branch of the dungeon, and saw 3 of its levels.

You collected 115 gold pieces.

Inventory:

Hand Weapons
 s - a +3 flail (weapon)
Armour
 b - a +1 hat (melded)
 c - a +1 pair of boots (melded)
 d - a +1 pair of gloves (melded)
 r - a +0 plate armour
 v - a +0 chain mail (melded)
Jewellery
 a - a ring of protection from cold (left branch)
Scrolls
 m - 2 scrolls of teleportation
 w - a scroll of magic mapping
 x - a scroll of enchant armour {unknown}
Potions
 h - a potion of lignification
 o - a potion of cancellation
 t - a potion of degeneration
Books
 e - a manual of Axes
Miscellaneous
 f - an ancient crate
Comestibles
 g - 4 rations {!d}
 u - a chunk of flesh


   Skills:
 * Level 3.0 Fighting
 * Level 3.0 Axes
 + Level 1.0 Armour
 + Level 5.1 Dodging
 + Level 3.7 Stealth


You had 4 spell levels left.
You didn't know any spells.
Your spell library was empty.

Dungeon Overview and Level Annotations

Branches:
Dungeon (3/12)

Altars:

Annotations:
D:2 Sigmund
D:3 3 runed translucent doors, das's ghost, amateur FrVM


Innate Abilities, Weirdness & Mutations

((You reflexively headbutt those who attack you in melee.))
((You have a pair of horns on your head.))
((You have large cloven feet.))
Your body sometimes deteriorates upon taking damage.
((You are resistant to electric shocks. (rElec)))


Message History

It was a scroll of blinking.
The water moccasin bites you but does no damage.
The orc hits you but does no damage. x2
The orc wizard hits you but does no damage.
The water moccasin bites you.
* * * LOW HITPOINT WARNING * * *
Okay, then.
Okay, then.
As you read the scroll labeled XACWECLYAGG, it crumbles to dust.
You feel blessed for a moment.
It was a scroll of remove curse.
The orc hits you but does no damage.
The water moccasin bites you but does no damage.
The orc wizard hits you but does no damage.
The orc barely misses you.
Unknown command.
As you read the scroll labeled LOEL YHYTTO, it crumbles to dust.
It is a scroll of identify.
w - a scroll of magic mapping The water moccasin bites you.
You die...

..........# ..............
..........# .###...##..
..........# #...##..
......)...# #...##..
..........#########...##..
..........#...........##..
..........................
........ooS...............
.........♣...##...#.......
........o....##...#.......
..........................
..........................
..........................
........#.^..............
.......#...........#####
.......#...........#
####################


You could see a water moccasin, an orc wizard and 2 orcs.

Vanquished Creatures
  3 crimson imps
  5 adders
  An ooze (D:2)
  A dart slug (D:2)
  3 leopard geckos
  9 orcs
  2 giant cockroaches (D:2)
  4 goblins
  8 hobgoblins
  2 jackals (D:2)
  4 kobolds
  4 quokkas
  3 bats
  6 frilled lizards
  3 rats
58 creatures vanquished.

Notes
Turn   | Place    | Note
-------+----------+-------------------------------------------
     0 | D:1      | Morbidden the Minotaur Archaeologist began the quest for
                  | the Orb.
     0 | D:1      | Reached XP level 1. HP: 16/16 MP: 0/0
   167 | D:1      | Reached XP level 2. HP: 12/23 MP: 1/1
   901 | D:2      | Reached XP level 3. HP: 27/29 MP: 2/2
   975 | D:2      | Reached skill level 4 in Dodging
  1119 | D:2      | Noticed Sigmund
  1266 | D:2      | Reached skill level 1 in Axes
  1446 | D:2      | Reached XP level 4. HP: 37/37 MP: 3/3
  1672 | D:2      | Found a faded altar of an unknown god.
  2191 | D:3      | Found a runed translucent gate.
  2191 | D:3      | Found a runed translucent gate.
  2191 | D:3      | Found a runed translucent gate.
  2191 | D:3      | Noticed das's ghost (amateur FrVM)
  2283 | D:3      | Reached XP level 5. HP: 34/42 MP: 4/4
  2390 | D:3      | Reached skill level 5 in Dodging
  2610 | D:3      | Noticed a water moccasin
  2626 | D:3      | Gained mutation: You tend to lose your temper in combat.
                  | [potion of mutation]
  2626 | D:3      | Gained mutation: You have large cloven feet. [potion of
                  | mutation]
  2626 | D:3      | Gained mutation: You are frail. (-10% HP) [potion of
                  | mutation]
  2626 | D:3      | Gained mutation: Your mind is acute. (Int +2) [potion of
                  | mutation]
  2632 | D:3      | Reached skill level 1 in Armour
  2634 | D:3      | Lost mutation: You have large cloven feet. [potion of
                  | mutation]
  2634 | D:3      | Lost mutation: You tend to lose your temper in combat.
                  | [potion of mutation]
  2634 | D:3      | Lost mutation: Your mind is acute. (Int +2) [potion of
                  | mutation]
  2634 | D:3      | Lost mutation: You are frail. (-10% HP) [potion of
                  | mutation]
  2634 | D:3      | Gained mutation: Your body sometimes deteriorates upon
                  | taking damage. [potion of mutation]
  2634 | D:3      | Gained mutation: You have large cloven feet. [potion of
                  | mutation]
  2634 | D:3      | Gained mutation: You are resistant to electric shocks.
                  | (rElec) [potion of mutation]
  2635 | D:3      | HP: 2/67 [water moccasin (4)]
  2637 | D:3      | Slain by a water moccasin

Skill      XL: |  1  2  3  4  5 |
---------------+----------------+-----
Stealth        | 3 |  3.7
Fighting       | 2 3 |  3.0
Dodging        | 4 5 |  5.1
Axes           | 1 2 3 |  3.0
Armour         | 1 |  1.0

Action                   |  1- 3 |  4- 6 || total
-------------------------+-------+-------++-------
Melee: Unarmed           |   168 |    79 ||   247
       Headbutt          |    15 |    10 ||    25
       Flail             |       |    37 ||    37
  Use: Scroll            |       |     4 ||     4
       Potion            |       |     9 ||     9
 Stab: Sleeping          |     2 |     1 ||     3
  Eat: Chunk             |     2 |     4 ||     6
Armor: Robe              |    55 |    10 ||    65
       Ring mail         |       |    46 ||    46
       Skin              |       |    42 ||    42
       Chain mail        |       |    17 ||    17
Dodge: Dodged            |   126 |   129 ||   255
